 Dungeon Crawl Stone Soup version 0.21-a0-414-gba8bdf1 (webtiles) character file.

794 graki42 the Magician (level 7, 0/36 HPs)
             Began as a Deep Elf Fire Elementalist on Nov 2, 2017.
             Slain by a two-headed ogre
             ... wielding a +0 giant spiked club
              (9 damage)
             ... on level 4 of the Dungeon.
             The game lasted 00:18:16 (3748 turns).

graki42 the Magician (Deep Elf Fire Elementalist)   Turns: 3748, Time: 00:18:16

Health: 0/36       AC:  4    Str:  7    XL:     7   Next: 58%
Magic:  17/19      EV: 13    Int: 20    God:
Gold:   212        SH:  0    Dex: 15    Spells: 8/19 levels left

rFire    . . .     SeeInvis .   (no weapon)
rCold    . . .     Gourm    .   (no shield)
rNeg     . . .     Faith    .   a - +0 robe
rPois    .         Spirit   .   i - +2 hat
rElec    .         Reflect  .   (no cloak)
rCorr    +         Harm     .   (no gloves)
MR       .....                  (no boots)
Stlth    +++.......             (no amulet)
HPRegen  0.12/turn              o - ring of resist corrosion
MPRegen  0.16/turn              (no ring)

@: no status effects
A: no striking features
a: no special abilities


You were on level 4 of the Dungeon.
You were not hungry.

You visited 1 branch of the dungeon, and saw 4 of its levels.

You collected 212 gold pieces.

Inventory:

Armour
 a - a +0 robe (worn)
 i - a +2 hat (worn)
Jewellery
 o - a ring of resist corrosion (left hand)
Wands
 l - a wand of flame (20/48)
 v - a wand of polymorph (8/24)
Scrolls
 e - 5 scrolls of identify {unknown}
 g - a scroll of immolation {unknown}
 h - a scroll of remove curse {unknown}
 j - a scroll of amnesia {unknown}
 n - 2 scrolls of teleportation {unknown}
 p - a scroll of blinking {unknown}
 q - a scroll of random uselessness {unknown}
 t - a scroll of recharging {unknown}
Potions
 d - 2 potions of flight {unknown}
 k - 2 potions of heal wounds {unknown}
 r - 2 potions of lignification {unknown}
 s - a potion of brilliance {unknown}
 w - a potion of agility {unknown}
Books
 b - a book of Flames

   Spells                             Type                      Level
   a - Flame Tongue                   Conjuration/Fire             1
   b - Throw Flame                    Conjuration/Fire             2
   c - Conjure Flame                  Conjuration/Fire             3
   d - Inner Flame                    Hexes/Fire                   3
   e - Sticky Flame                   Conjuration/Fire             4
   f - Fireball                       Conjuration/Fire             5
Comestibles
 c - 3 bread rations
 f - a meat ration
 m - a royal jelly
 u - a chunk of flesh


   Skills:
 + Level 0.2 Fighting
 + Level 3.1 Dodging
 + Level 3.8 Stealth
 + Level 6.8 Spellcasting
 + Level 4.7 Conjurations
 + Level 2.0 Hexes
 + Level 5.8 Fire Magic


You had 8 spell levels left.
You knew the following spells:

 Your Spells              Type           Power        Failure   Level  Hunger
a - Flame Tongue          Conj/Fire      ####.        1%          1    None
b - Conjure Flame         Conj/Fire      ####....     3%          3    #......
c - Inner Flame           Hex/Fire       ###.....     6%          3    #......
d - Sticky Flame          Conj/Fire      ####....     11%         4    ###....


Dungeon Overview and Level Annotations

Branches:
Dungeon (4/15)
 Temple: D:4-7

Altars:


Message History

You are very lightly contaminated with residual magic.
Nothing appears to happen.
The two-headed ogre burns!
The two-headed ogre burns!
The two-headed ogre burns!
The two-headed ogre stops burning.
The orc shouts!
The orc zaps a wand.
You easily resist.
It is a wand of paralysis (?/24).
The orc hits you but does no damage. The orc hits you.
* * * LOW HITPOINT WARNING * * *
Your magical contamination has completely faded away.
You see here 15 arrows.
Okay, then.
Evoke which item? (* to show all) (? for menu, Esc to quit)
Aiming: Polymorph (will waste charges)
Press: ? - help, Shift-Dir - straight line, f - two-headed ogre
Aim: a two-headed ogre, wielding two giant spiked clubs (moderately wounded, chance to defeat MR: 28%)
The two-headed ogre easily resists.
Evoking this partially-identified wand wasted a few charges.
The two-headed ogre hits you with a giant spiked club!
You die...

# #...# ##.###.#
####....... # #...#
#.###.#### #.#####.
# ##)##
#........###.#####.
######.#
#.....#.........##.
)......#
##.##....###.##.##.
.#######
######.#####.#
#.##.... .#
#......#####.#
#....... .#
#####.####.......#
######## .#
#.......##@#######
.# #.##.....#O#
.######.##..#..#.#
............#..#o#
.#####.(###......#
## ###..#####...###
.# #..............#
.# #.....##.......#
.# #.....##.......#


You could see a two-headed ogre and an orc.

Vanquished Creatures
  Grinder (D:3)
  Eustachio (D:4)
  The ghost of tof the Slasher, an amateur MiMo (D:3)
  3 orc priests (D:4)
  An orc wizard (D:4)
  2 bullfrog skeletons (D:4)
  Natasha (twice) (D:4)
  A worker ant (D:4)
  3 adders
  A gnoll (D:1)
  An ooze (D:1)
  An adder skeleton (D:4)
  3 worms
  4 dart slugs (D:1)
  5 leopard geckos
  2 orcs
  2 giant cockroaches
  9 goblins
  7 hobgoblins
  6 jackals
  5 kobolds
  A quokka (D:2)
  14 bats
  7 frilled lizards
  8 rats
91 creatures vanquished.

Notes
Turn   | Place    | Note
-------+----------+-------------------------------------------
     0 | D:1      | graki42 the Deep Elf Fire Elementalist began the quest for the Orb.
     0 | D:1      | Reached XP level 1. HP: 10/10 MP: 6/6
   178 | D:1      | Reached XP level 2. HP: 15/15 MP: 5/8
   508 | D:1      | Reached XP level 3. HP: 15/19 MP: 6/9
   641 | D:1      | Learned a level 3 spell: Conjure Flame
   645 | D:1      | Learned a level 3 spell: Inner Flame
  1205 | D:2      | Reached XP level 4. HP: 24/24 MP: 6/11
  1621 | D:3      | Noticed Grinder
  1636 | D:3      | Paralysed by Grinder for 6 turns
  1647 | D:3      | Paralysed by Grinder for 4 turns
  1995 | D:3      | Killed Grinder
  1995 | D:3      | Reached skill level 4 in Spellcasting
  1995 | D:3      | Reached skill level 5 in Fire Magic
  1995 | D:3      | Reached XP level 5. HP: 15/28 MP: 1/14
  1995 | D:3      | Reached XP level 6. HP: 17/32 MP: 1/15
  2175 | D:3      | Noticed tof's ghost (amateur MiMo)
  2195 | D:3      | Killed tof's ghost
  2195 | D:3      | Reached skill level 5 in Spellcasting
  2320 | D:3      | Learned a level 4 spell: Sticky Flame
  2410 | D:3      | Reached skill level 1 in Hexes
  3302 | D:4      | Reached XP level 7. HP: 29/36 MP: 10/17
  3341 | D:4      | Noticed Eustachio
  3343 | D:4      | Noticed a two-headed ogre
  3351 | D:4      | Killed Eustachio
  3351 | D:4      | Reached skill level 6 in Spellcasting
  3528 | D:4      | Noticed Natasha
  3531 | D:4      | Killed Natasha
  3631 | D:4      | Noticed Natasha
  3645 | D:4      | Killed Natasha
  3748 | D:4      | Slain by a two-headed ogre

Vault maps used:
D:1:      mrwooster_arrival_arrow
D:3:      hangedman_abyss_or_decor_lesser_grid, uniq_grinder
D:4:      first_bread, kennysheep_generic_room_4, uniq_natasha, uniq_eustachio

Skill      XL: |  1  2  3  4  5  6  7 |
---------------+----------------------+-----
Fire Magic     | 4 5 |  5.8
Conjurations   | 2 3 4 |  4.7
Dodging        | 3 |  3.1
Stealth        | 3 |  3.8
Spellcasting   | 4 5 6 |  6.8
Hexes          | 1 2 |  2.0
Fighting       | |  0.2

Action                   |  1- 3 |  4- 6 |  7- 9 || total
-------------------------+-------+-------+-------++-------
 Cast: Flame Tongue      |    78 |    69 |    22 ||   169
       Conjure Flame     |     1 |     9 |     3 ||    13
       Inner Flame       |       |     5 |     1 ||     6
       Sticky Flame      |       |     1 |     4 ||     5
Evoke: Wand              |       |       |     1 ||     1
  Eat: Chunk             |     1 |     6 |     3 ||    10
Armor: Robe              |     4 |    15 |     4 ||    23
Dodge: Dodged            |    12 |    44 |     5 ||    61

Table legend:
 A = Spawn XP
 B = Non-spawn XP
 C = Spawn XP percentage of total XP
 D = Spawn monster count
 E = Non-spawn monster count
 F = Spawn count percentage of total count
 G = Total turns spent on level
                    A         B        C        D         E        F      G
               +---------+---------+-------+---------+---------+-------+---------
         Total |       0 |    1135 |   0.0 |       0 |      91 |   0.0 |  3748
               +---------+---------+-------+---------+---------+-------+---------
           D:1 |       0 |      78 |   0.0 |       0 |      34 |   0.0 |   874
           D:2 |       0 |      29 |   0.0 |       0 |      16 |   0.0 |   849
           D:3 |       0 |     453 |   0.0 |       0 |      21 |   0.0 |  1188
           D:4 |       0 |     575 |   0.0 |       0 |      20 |   0.0 |   837
               +---------+---------+-------+---------+---------+-------+---------
